 Dungeon Crawl Stone Soup version 0.28-b1-25-g9875b3fc8c (webtiles) character file.

Game seed: 6848528656930672715

27712 pkoi the Stormcaller (level 13, -2/96 HPs)
             Began as a Black Draconian Air Elementalist on Feb 3, 2022.
             Was an Elder of Sif Muna.
             Slain by a frost giant (18 damage)
             ... in an ice cave.
             The game lasted 00:39:39 (27209 turns).

pkoi the Stormcaller (DrAE)                        Turns: 27209, Time: 00:39:40

Health: -2/96      AC: 12    Str: 12    XL:     13   Next: 5%
Magic:  22/30      EV: 15    Int: 20    God:    Sif Muna [****..]
Gold:   898        SH:  0    Dex: 14    Spells: 5/23 levels left

rFire   + . .      SeeInvis .   q - +10 dagger of Dim Light {venom, Will+ rCorr Dex+3}
rCold   + . .      Faith    .   (no shield)
rNeg    . . .      Spirit   .   (armour unavailable)
rPois   .          Reflect  .   (helmet restricted)
rElec   +          Harm     .   L - +0 cloak of Grot {rF+}
rCorr   +          Rampage  .   m - +0 pair of gloves
Will    +....                   y - +1 pair of boots
Stlth   +++.......              (no amulet)
HPRegen 0.26/turn               E - ring of protection from cold
MPRegen 0.22/turn               u - ring of magical power

@: about to teleport
A: breathe lightning, AC +8, unfitting armour, electricity resistance,
cold-blooded
a: Breathe Lightning, Renounce Religion, Channel Magic, Forget Spell, Divine
Exegesis


You were in an ice cave.
You worshipped Sif Muna.
Sif Muna was greatly pleased with you.
You visited 3 branches of the dungeon, and saw 14 of its levels.
You also visited: Ossuary and Ice Cave.

You collected 898 gold pieces.

Inventory:

Hand Weapons
 j - the +7 mace "Ziuntuqo" {drain, Will+}
   (You found it in an ice cave)

   A truly terrible weapon, it drains the life of any living foe it strikes.
   Will:      It increases your willpower.
 q - the +10 dagger of Dim Light (weapon) {venom, Will+ rCorr Dex+3}
   (You found it on level 5 of the Dungeon)

   It poisons the flesh of those it strikes.
   Dex:       It affects your dexterity (+3).
   rCorr:     It protects you from acid and corrosion.
   Will:      It increases your willpower.
Missiles
 n - 7 throwing nets
Armour
 m - a +0 pair of gloves (worn)
 y - a +1 pair of boots (worn)
 L - the +0 cloak of Grot (worn) {rF+}
   (You found it on level 11 of the Dungeon)

   rF:        It protects you from fire.
Jewellery
 b - a +4 ring of protection
 g - a +4 ring of slaying
 t - a ring of positive energy
 u - a ring of magical power (right hand)
 E - a ring of protection from cold (left hand)
Wands
 a - a wand of flame (10)
 s - a wand of polymorph (21)
 A - a wand of mindburst (33)
 D - a wand of iceblast (5)
 F - a wand of paralysis (16)
 H - a wand of acid (4)
Scrolls
 d - a scroll of teleportation
 o - 7 scrolls of identify
 p - a scroll of brand weapon
 z - 2 scrolls of amnesia
 C - 3 scrolls of fog
 G - 2 scrolls of enchant armour
 J - 2 scrolls of blinking
Potions
 c - 4 potions of brilliance
 e - a potion of invisibility
 f - 3 potions of haste
 h - a potion of cancellation
 i - a potion of berserk rage
 k - 3 potions of might
 l - 4 potions of ambrosia
 v - 5 potions of curing
 x - 4 potions of heal wounds
 B - a potion of resistance
 I - 2 potions of flight
 K - 2 potions of magic


   Skills:
 - Level 4.0 Fighting
 - Level 4.2 Short Blades
 + Level 7.5 Dodging
 - Level 6.0 Stealth
 + Level 5.6 Spellcasting
 - Level 3.1 Conjurations
 + Level 1.9 Summonings
 - Level 8.0 Translocations
 + Level 16.6 Air Magic
 - Level 9.0 Invocations


You had 5 spell levels left.
You knew the following spells:

 Your Spells              Type           Power      Damage    Failure   Level
a - Shock                 Conj/Air       100%       1d9       1%          1
b - Airstrike             Air            32%        N/A       1%          4
c - Swiftness             Air            64%        N/A       1%          3
d - Blink                 Tloc           74%        N/A       1%          2
e - Passage of Golubria   Tloc           37%        N/A       4%          4
f - Summon Lightning Spi  Summ/Air       42%        N/A       2%          4

Your spell library contained the following spells:

 Spells                   Type           Power      Damage    Failure   Level
 Static Discharge         Conj/Air       45%        N/A       1%          2
 Lightning Bolt           Conj/Air       22%        1d38      5%          5
 Manifold Assault         Tloc           37%        N/A       12%         5
 Sublimation of Blood     Necr           5%         N/A       17%         2
 Wereblood                Tmut           5%         N/A       17%         2
 Ozocubu's Armour         Ice            5%         N/A       32%         3
 Tukima's Dance           Hex            5%         N/A       32%         3
 Hailstorm                Conj/Ice       11%        3d5       50%         4
 Sticky Flame             Conj/Fire      11%        2d3       50%         4
 Dispel Undead            Necr           5%         3d7       73%         4
 Ice Form                 Ice/Tmut       5%         N/A       73%         4
 Petrify                  Tmut/Erth      5%         N/A       73%         4
 Irradiate                Conj/Tmut      5%         3d15      85%         5
 Yara's Violent Unravell  Hex/Tmut       2%         3d3       97%         5
 Storm Form               Tmut/Air       19%        N/A       97%         7
 Simulacrum               Ice/Necr       2%         N/A       100%        6
 Malign Gateway           Summ/Tloc      12%        N/A       100%        7
 Ozocubu's Refrigeration  Ice            2%         4d5       100%        7
 Summon Hydra             Summ           6%         N/A       100%        7
 Summon Horrible Things   Summ           6%         N/A       100%        8


Dungeon Overview and Level Annotations

Branches:
Dungeon (11/15)            Temple (1/1) D:5            Lair (2/6) D:11
    Orc (0/2) D:11        Ossuary (visited)           IceCv (1/1)
  Swamp: Lair:2-4    Shoals: Lair:2-4     Snake: Lair:2-4    Spider: Lair:2-4

Altars:
Ashenzari
Cheibriados
Dithmenos
Elyvilon
Fedhas
Gozag
Hepliaklqana
Kikubaaqudgha
Makhleb
Nemelex Xobeh
Okawaru
Qazlal
Ru
Sif Muna
Trog
Uskayaw
Vehumet
Wu Jian
Xom
Yredelemnul
Zin
The Shining One
Beogh

Shops:
D:1 *   D:3 *   D:8 *

Portals:
Trove: D:10 (give 10 potions of heal wounds)

Annotations:
D:5 3 runed translucent doors, Dormantt's ghost, novice OpTm
D:7 1 transporter, Hubris850's ghost, novice MfTm
Lair:1 2 transporters


Innate Abilities, Weirdness & Mutations

You can breathe wild blasts of lightning.
Your glossy black scales are hard. (AC +8)
You cannot fit into any form of body armour.
You are resistant to electric shocks. (rElec)
You are cold-blooded and may be slowed by cold attacks.


Message History

You enter the shallow water.
Moving in this stuff is going to be slow.
Really walk into that cloud of freezing vapour?
Okay, then.
The frost giant gestures at you while chanting.
The bolt of cold hits the polar bear!
The polar bear resists.
The bolt of cold hits you! You resist.
The polar bear is engulfed in freezing vapours.
The polar bear closely misses you.
The polar bear claws you but does no damage. x2
The polar bear closely misses you.
The polar bear claws you but does no damage. x2
The frost giant casts a spell at you.
The bolt of cold hits the polar bear!!
The polar bear resists.
The bolt of cold hits you!! You resist.
The polar bear is engulfed in freezing vapours.
You are engulfed in freezing vapours.
You resist.
The polar bear is engulfed in freezing vapours.
The polar bear dies!
The frost giant is engulfed in freezing vapours.
You start resting.
A frost giant is nearby!
The air twists around and strikes the frost giant!
The frost giant is lightly wounded.
The frost giant gestures at you while chanting.
The bolt of cold misses you.
The air twists around and strikes the frost giant.
The frost giant is lightly wounded.
The frost giant hits you with a +3 battleaxe of freezing!!!
* * * LOW HITPOINT WARNING * * *
The frost giant freezes you!
* * * LOW HITPOINT WARNING * * *
You are too injured to fight recklessly!
You are too injured to fight recklessly!
Unknown command.
Okay, then.
As you read the scroll of teleportation, it crumbles to dust.
You feel strangely unstable.
The frost giant hits you with a +3 battleaxe of freezing!!
You die...

#.⌠.#########
####.....#..#.h.
#≈#####....#..##
#≈#≈#≈≈.#####..#
##≈≈≈≈#≈..##..##
####C≈#≈○§##...###
##.≈≈#####..##### ######
#.C### ☼☼.... ###....###
##.@## §☼°§....§
#...##...### ##..#
##§○...... ..#.####...##
#..### ##......#
.###.####...# ##...##
##.#..## ###.###...###
###..# ##### ..####..###
#...## ###.#....##
###..## ##○☼##....##
###.....##
##§§§###...####..####..##


You could see a frost giant.

Vanquished Creatures
  Josephine (D:11)
  Harold (D:10)
  3 boulder beetles
  A two-headed ogre (D:11)
  A tengu warrior (D:11)
  A death yak (IceCv)
  An orc knight (D:10)
  2 deep elf pyromancers
  4 manticores
  An ice statue (IceCv)
  4 cane toads (Lair:1)
  A komodo dragon (Lair:1)
  A tengu conjurer (D:10)
  3 trolls
  A queen bee (Lair:1)
  3 polar bears (IceCv)
  Grinder (D:3)
  A hornet (D:8)
  2 slime creatures
  A shadow (D:11)
  2 wyverns
  5 wraiths
  33 yaks
  3 vampires
  A basilisk (Lair:1)
  Sigmund (D:3)
  Menkaure (D:6)
  5 vampire mosquitoes (D:10)
  A death yak simulacrum (Lair:2)
  8 water moccasins
  An acid dragon (D:10)
  6 orc warriors
  6 sky beasts
  2 black bears
  4 ogres
  17 wolves
  5 centaurs
  A kobold brigand (D:6)
  A phantom (D:6)
  4 bullfrogs
  A gnoll sergeant (D:11)
  3 scorpions
  3 water moccasin zombies (Ossuary)
  A water moccasin skeleton (D:5)
  A wyvern skeleton (D:6)
  33 killer bees
  3 wights (D:5)
  A jelly (D:4)
  3 centaur zombies
  4 orc priests
  2 centaur skeletons
  Crazy Yiuf (D:2)
  2 gnoll shamans
  A hound (D:6)
  2 iguanas
  Natasha (twice) (D:3)
  4 orc wizards
  A killer bee zombie (D:7)
  A hound skeleton (D:4)
  A howler monkey zombie (D:10)
  2 mummies (Ossuary)
  8 gnolls
  A howler monkey skeleton (D:7)
  5 adders
  2 white imps
  An ufetubus (D:5)
  7 adder zombies (Ossuary)
  A worm (D:4)
  3 dart slugs
  32 orcs
  6 bats
  9 endoplasms
  3 giant cockroaches
  2 gnoll zombies (Ossuary)
  6 goblins
  12 hobgoblins
  3 jackals (D:4)
  5 quokkas
  12 ball pythons
  6 frilled lizards
  A goblin zombie (D:5)
  A hobgoblin zombie (Ossuary)
  15 kobolds
  3 kobold zombies (Ossuary)
  7 orc zombies (Ossuary)
  9 rats
  A rat zombie (D:5)
374 creatures vanquished.

Vanquished Creatures (others)
  A polar bear (IceCv)
  8 fungi (Lair:1)
  8 plants (Lair:1)
17 creatures vanquished.

Grand Total: 391 creatures vanquished

Notes
Turn   | Place    | Note
-------+----------+-------------------------------------------
     0 | D:1      | pkoi the Draconian Air Elementalist began the quest for the
                  | Orb.
     0 | D:1      | Reached XP level 1. HP: 14/14 MP: 3/3
   488 | D:1      | Reached XP level 2. HP: 16/20 MP: 0/5
  1058 | D:1      | Found a faded altar of an unknown god.
  1418 | D:1      | Found Soteh's Assorted Antiques.
  1459 | D:1      | Reached XP level 3. HP: 26/26 MP: 4/6
  2226 | D:2      | Found a runed translucent door.
  2227 | D:2      | Noticed Crazy Yiuf
  2749 | D:3      | Reached skill level 4 in Air Magic
  2834 | D:3      | Reached XP level 4. HP: 33/33 MP: 3/7
  2876 | D:3      | Learned a level 4 spell: Airstrike
  3524 | D:3      | Found Rusum's Assorted Antiques.
  3866 | D:3      | Reached XP level 5. HP: 28/38 MP: 1/8
  4248 | D:3      | Noticed Natasha
  4252 | D:3      | Killed Natasha
  4253 | D:3      | Reached skill level 5 in Air Magic
  4415 | D:3      | Noticed Sigmund
  4416 | D:3      | Noticed Grinder
  4429 | D:3      | Killed Sigmund
  4430 | D:3      | Reached skill level 6 in Air Magic
  4430 | D:3      | Reached XP level 6. HP: 7/45 MP: 2/10
  4683 | D:2      | Learned a level 3 spell: Swiftness
  4693 | D:3      | Paralysed by Grinder for 4 turns
  4708 | D:3      | Killed Grinder
  4709 | D:3      | Reached skill level 7 in Air Magic
  4709 | D:3      | Your scales start taking on a glossy black colour.
  4709 | D:3      | Reached skill level 8 in Air Magic
  4709 | D:3      | Reached XP level 7. HP: 43/50 MP: 1/11
  4709 | D:3      | Gained mutation: You are resistant to electric shocks.
                  | (rElec) [Black Draconian growth]
  4837 | D:3      | Learned a level 2 spell: Blink
  5448 | D:4      | Reached skill level 1 in Translocations
  5448 | D:4      | Reached skill level 9 in Air Magic
  6406 | D:5      | Entered Level 5 of the Dungeon
  6582 | D:5      | Found a sand-covered staircase.
  6591 | Ossuary  | Entered an ossuary
  6776 | Ossuary  | Reached skill level 10 in Air Magic
  6776 | Ossuary  | Reached XP level 8. HP: 57/57 MP: 1/12
  7975 | D:5      | Reached skill level 11 in Air Magic
  8515 | D:5      | Found a runed translucent gate.
  8515 | D:5      | Found a runed translucent gate.
  8518 | D:5      | Found a runed translucent gate.
  8519 | D:5      | Identified the +3 spear of the Ageing Firefly {speed,
                  | +Blink rF- Str+2 Dex+4}
  8519 | D:5      | Identified the +1 scale mail of Death Resistance {+Inv
                  | rElec}
  8519 | D:5      | Noticed Dormantt's ghost (novice OpTm)
  8561 | D:5      | Identified the +10 dagger of Dim Light {venom, Will+ rCorr
                  | Dex+3}
  8719 | D:5      | Found a staircase to the Ecumenical Temple.
  8746 | Temple   | Entered the Ecumenical Temple
  9052 | Temple   | Became a worshipper of Sif Muna the Loreminder
  9481 | D:2      | Killed Crazy Yiuf
  9526 | D:3      | Noticed Natasha
  9528 | D:3      | Killed Natasha
  9888 | D:6      | Reached skill level 1 in Invocations
 10381 | D:6      | Reached skill level 12 in Air Magic
 10766 | D:6      | Reached XP level 9. HP: 50/62 MP: 13/13
 11417 | D:6      | Noticed Menkaure
 11421 | D:6      | Killed Menkaure
 12003 | D:7      | Reached * piety under Sif Muna
 12037 | D:7      | Reached skill level 13 in Air Magic
 12335 | D:7      | Found a transporter.
 12344 | D:7      | Noticed Hubris850's ghost (novice MfTm)
 12350 | D:7      | Noticed a moth of wrath
 12850 | D:8      | Reached skill level 1 in Fighting
 12850 | D:8      | Reached skill level 1 in Short Blades
 13312 | D:8      | Found Yleufuyp's Fire Supplies.
 13367 | D:8      | Reached XP level 10. HP: 72/72 MP: 14/14
 13941 | D:9      | Found an ancient bone altar of Kikubaaqudgha.
 13957 | D:9      | Identified a scroll of acquirement
 13957 | D:9      | Acquired Great Wizards, Vol. VII
 13964 | D:9      | Learned a level 4 spell: Passage of Golubria
 14111 | D:9      | Identified the +6 longbow of the Valley of Death {vorpal,
                  | rN+ Dex-3 Stlth+}
 14679 | D:9      | Reached skill level 5 in Dodging
 14679 | D:9      | Reached skill level 5 in Invocations
 14916 | D:9      | Reached skill level 5 in Stealth
 14941 | D:9      | Reached ** piety under Sif Muna
 15067 | D:10     | Entered Level 10 of the Dungeon
 15179 | D:10     | Noticed a deep elf pyromancer
 15179 | D:10     | Noticed a boulder beetle
 15179 | D:10     | Noticed a deep elf pyromancer
 15179 | D:10     | Noticed an orc knight
 15179 | D:10     | Noticed a manticore
 15179 | D:10     | Noticed a manticore
 15180 | D:10     | Identified the +4 scythe of Misery {vorpal, rN++ Int+4
                  | Stlth+}
 15192 | D:10     | Killed a manticore
 15209 | D:10     | Noticed Harold
 15212 | D:10     | HP: 3/77 [Harold (21)]
 15699 | D:9      | Killed a deep elf pyromancer
 16020 | D:10     | Noticed a manticore
 16077 | D:10     | Identified the ring of the Fool {+Blink rF+ Str-3 Int-4
                  | SInv}
 16430 | D:10     | Reached XP level 11. HP: 84/84 MP: 5/15
 16588 | D:10     | Reached skill level 14 in Air Magic
 17214 | D:10     | Killed Harold
 17982 | D:10     | Reached skill level 5 in Translocations
 18357 | D:10     | Killed a deep elf pyromancer
 18586 | D:10     | Killed a boulder beetle
 18763 | D:10     | Killed an orc knight
 19440 | D:10     | Found a portal to a secret trove of treasure.
 19686 | D:11     | Found a staircase to the Orcish Mines.
 19790 | D:11     | Noticed a tengu warrior
 19795 | D:11     | Killed a tengu warrior
 19796 | D:11     | Reached skill level 15 in Air Magic
 20192 | D:11     | Noticed a boulder beetle
 20197 | D:11     | Noticed a two-headed ogre
 20217 | D:11     | Killed a boulder beetle
 20447 | D:11     | Killed a two-headed ogre
 20448 | D:11     | Reached XP level 12. HP: 91/91 MP: 10/18
 21107 | D:11     | Found a staircase to the Lair.
 21115 | D:11     | Noticed Josephine
 21415 | D:11     | Identified the +0 cloak of Grot {rF+}
 21468 | D:11     | Found a sparkling altar of Nemelex Xobeh.
 21488 | D:11     | Noticed a boulder beetle
 21982 | D:11     | Killed Josephine
 21982 | D:11     | Reached *** piety under Sif Muna
 22645 | D:11     | Killed a boulder beetle
 22886 | Lair:1   | Entered Level 1 of the Lair of Beasts
 22888 | Lair:1   | Found a transporter.
 23700 | Lair:1   | Reached skill level 16 in Air Magic
 23872 | Lair:1   | Found a transporter.
 24918 | Lair:2   | Found a frozen archway.
 24987 | IceCv    | Entered an ice cave
 25571 | IceCv    | Reached skill level 5 in Spellcasting
 25628 | IceCv    | Reached **** piety under Sif Muna
 25896 | IceCv    | Learned a level 4 spell: Summon Lightning Spire
 26200 | IceCv    | Identified the +7 mace "Ziuntuqo" {drain, Will+}
 26269 | IceCv    | Reached skill level 1 in Summonings
 26326 | IceCv    | Reached XP level 13. HP: 41/96 MP: 21/21
 27179 | IceCv    | Noticed a frost giant
 27209 | IceCv    | Slain by a frost giant

Illustrated notes

Levels and vault maps discovered:
D:1:      dpeg_arrival_shrine, layout_basic, basic_ecumenical_altar,
          serial_shops, nicolae_shop_crystal, serial_forest,
          infiniplex_forest_clump_cross, infiniplex_forest_clump_long,
          infiniplex_forest_lined_room_, infiniplex_forest_clump_long,
          infiniplex_forest_side_room
D:2:      layout_rooms, grunt_decor_arrowhead, uniq_crazy_yiuf_cottage
D:3:      minmay_thinvault, layout_basic, serial_shops, shop, uniq_natasha,
          uniq_sigmund, uniq_grinder
D:4:      layout_basic
D:5:      layout_basic, minmay_temple_entry_drinking_statues,
          biasface_ghost_orc_armoury, enter_ossuary_4
D:6:      layout_loops_ring, uniq_menkaure
D:7:      layout_rooms, gammafunk_ghost_berserking_beasts
D:8:      layout_loops_ring, nicolae_shop_fire_sale [nicolae_sub_dead_trees]
D:9:      layout_long_grid, mainiacjoe_overflow_surrounded_room,
          corexii_checkpoint_b
D:10:     minmay_the_grid_octo_tiled_squarecenter
          [minmay_the_grid_octo_fan_narrow,
          minmay_the_grid_octo_tetromino_candy,
          minmay_the_grid_octo_vomiting_pacman, minmay_the_grid_octo_clover,
          minmay_the_grid_square_5x5_megaprize_open,
          minmay_the_grid_square_5x5_plus,
          minmay_the_grid_square_5x5_half_checkered,
          minmay_the_grid_square_5x5_detours, minmay_the_grid_square_5x5_tie],
          layout_loops_ring, enter_trove_2, uniq_harold
D:11:     minmay_inner_zag, layout_irregular_city, orc_0_dummy,
          nemelex_lonely_heart_becter, uniq_josephine
Temple:   mainiacjoe_temple_circle_huts
Lair:1:   gammafunk_worm_tunnel, layout_gridlike, special_room
          [special_room_bee]
Lair:2:   layout_chaotic_city, portal_ice_cave_entry_ice_simulacra
IceCv:    ice_cave_caverns_03

Skill      XL: |  1  2  3  4  5  6  7  8  9 10 11 12 |
---------------+-------------------------------------+-----
Conjurations   | 2 3 |  3.1
Air Magic      | 4 6 8 10 12 13 15 16 | 16.6
Spellcasting   | 3 5 |  5.6
Translocations | 2 3 4 7 8 |  8.0
Dodging        | 3 4 5 6 7 |  7.5
Invocations    | 2 4 5 8 9 |  9.0
Stealth        | 2 4 5 6 |  6.0
Fighting       | 1 4 |  4.0
Short Blades   | 1 3 4 |  4.2
Summonings     | 1 |  1.9

Action                   |  1- 3 |  4- 6 |  7- 9 | 10-12 | 13-15 || total
-------------------------+-------+-------+-------+-------+-------++-------
Melee: Whip              |    40 |    16 |     5 |       |       ||    61
       Unarmed           |     3 |       |       |       |       ||     3
       Tailslap          |     7 |     3 |     7 |    52 |     5 ||    74
       Punch             |     2 |       |     1 |     6 |       ||     9
       Dagger            |       |       |    59 |   337 |    21 ||   417
 Cast: Shock             |    87 |    84 |   154 |       |       ||   325
       Airstrike         |       |       |    98 |   316 |     7 ||   421
       Swiftness         |       |       |       |     1 |       ||     1
       Summon Lightning  |       |       |       |       |     3 ||     3
Invok: Channel Magic     |       |       |       |     3 |       ||     3
 Abil: Breathe Lightning |       |       |       |     1 |       ||     1
  Use: Scroll            |       |       |    19 |    16 |     2 ||    37
       Potion            |       |       |       |     1 |     1 ||     2
 Stab: Sleeping          |       |       |       |     1 |       ||     1
Armor: Skin              |    21 |    20 |    53 |   150 |     7 ||   251
Dodge: Dodged            |    40 |    21 |    86 |   321 |    16 ||   484
